MLB
TORONTO BLUE JAYS @ MINNESOTA TWINS
07/04/2041
 
TOP OF THE 1ST
Toronto Blue Jays batting - Pitching for Minnesota Twins : RHP Chad Foster
Pitching: RHP Chad Foster
Batting: LHB Jeremy Young 0-0: Called Strike
0-1: Ball
1-1: Foul Ball, location: 5SF
1-2: Ball
2-2: Ball
3-2: Foul Ball, location: 3DF
3-2: Fly out, F7 (Flyball, 7LM, EV 90.6 MPH)
Batting: RHB Jeremy Baker 0-0: Swinging Strike
0-1: Ball
1-1: Ground out U3 (Groundball, 34S, EV 81.9 MPH)
Batting: LHB Brad Hart 0-0: Called Strike
0-1: Ball
1-1: Foul Ball, location: 3DF
1-2: Ball
2-2: SINGLE (Groundball, 4M, EV 95.6 MPH) (infield hit)
Batting: LHB Jerry Mantle 0-0: Ball
1-0: Called Strike
1-1: Ball
2-1: Ball
Wild Pitch!
Brad Hart to second
3-1: Called Strike
3-2: Base on Balls
Batting: RHB Rod Stephens 0-0: Ball
1-0: Called Strike
1-1: Foul Ball, location: 5F
1-2: Ball
2-2: Foul Ball, location: 5FF
2-2: Foul Ball, location: 9LMF
2-2: Foul Ball, location: 9LDF
2-2: Ball
3-2: Base on Balls
Brad Hart to third
Jerry Mantle to second
Batting: SHB Joe Hall 0-0: DOUBLE (Line Drive, 5D, EV 95.0 MPH)
Brad Hart scores
Jerry Mantle scores
Rod Stephens to third
Runner from 3rd tries for Home, throw by LF and OUT! 7-6-2
Top of the 1st over - 2 runs, 2 hits, 0 errors, 1 left on base; Toronto 2 - Minnesota 0
BOTTOM OF THE 1ST
Minnesota Twins batting - Pitching for Toronto Blue Jays : RHP Adrián Hernández
Pitching: RHP Adrián Hernández
Batting: RHB Ken Quebell 0-0: Called Strike
0-1: Ball
1-1: Ground out 6-3 (Groundball, 6, EV 101.3 MPH)
Batting: LHB Orlando Rodríguez 0-0: Called Strike
0-1: Called Strike
0-2: Ball
1-2: Fly out, F9 (Flyball, 9, EV 90.6 MPH)
Batting: SHB Steve Sanders 0-0: Called Strike
0-1: Ball
1-1: Ball
2-1: SOLO HOME RUN (Flyball, 78XD, EV 99.4 MPH), Distance : 386 ft
Batting: LHB José Becerra 0-0: Foul Ball, location: 5FF
0-1: Ground out 4-3 (Groundball, 4, EV 88.1 MPH)
Bottom of the 1st over - 1 run, 1 hit, 0 errors, 0 left on base; Toronto 2 - Minnesota 1
TOP OF THE 2ND
Toronto Blue Jays batting - Pitching for Minnesota Twins : RHP Chad Foster
Batting: SHB Jeremiah Taylor 0-0: Ball
1-0: Ball
2-0: Ball
3-0: Ground out 4-3 (Groundball, 4M, EV 91.3 MPH)
Batting: SHB José Mora 0-0: Called Strike
0-1: Ground out 2-3 (Groundball, 15S, EV 69.4 MPH)
Batting: RHB José Valadez 0-0: Ball
1-0: SOLO HOME RUN (Flyball, 89XD, EV 106.9 MPH), Distance : 424 ft
Batting: LHB Jeremy Young 0-0: Called Strike
0-1: Called Strike
0-2: Ground out 6-3 (Groundball, 6M, EV 91.3 MPH)
Top of the 2nd over - 1 run, 1 hit, 0 errors, 0 left on base; Toronto 3 - Minnesota 1
BOTTOM OF THE 2ND
Minnesota Twins batting - Pitching for Toronto Blue Jays : RHP Adrián Hernández
Batting: LHB Del England 0-0: Ball
1-0: Ball
2-0: Swinging Strike
2-1: Foul Ball, location: 7LDF
2-2: Strikes out swinging
Batting: RHB Leonardo Boccasino 0-0: Ball
1-0: Foul Ball, location: 7LDF
1-1: Ball
2-1: Ball
3-1: Fly out, F9 (Line Drive, 9S, EV 92.5 MPH)
Batting: LHB Kaspar Linge 0-0: SINGLE (Line Drive, 8LS, EV 96.3 MPH)
Batting: RHB Chris Porter 0-0: Ball
1-0: Called Strike
1-1: Swinging Strike
1-2: SINGLE (Groundball, 4D, EV 108.1 MPH)
Kaspar Linge to second
Kaspar Linge to third
Batting: RHB Ernesto Paganin 0-0: Ball
1-0: Ball
2-0: Ball
3-0: Base on Balls
Chris Porter to second
Batting: RHB Ken Quebell 0-0: Foul Ball, location: 9LSF
0-1: Ball
1-1: SINGLE (Line Drive, 7S, EV 104.4 MPH)
Kaspar Linge scores
Chris Porter to third
Ernesto Paganin to second
Runner from 3rd tries for Home, SAFE, throw by LF to home
Batting: LHB Orlando Rodríguez 0-0: DOUBLE (Line Drive, 9LM, EV 103.1 MPH)
Ernesto Paganin scores
Ken Quebell to third
Runner from 3rd tries for Home, SAFE, no throw by RF
Batting: SHB Steve Sanders 0-0: Called Strike
0-1: Foul Ball, location: 7LDF
0-2: DOUBLE (Flyball, 8LXD, EV 98.1 MPH)
Orlando Rodríguez scores
Batting: LHB José Becerra 0-0: Called Strike
0-1: Ball
1-1: Ball
2-1: Foul Ball, location: 5FF
2-2: Strikes out looking
Bottom of the 2nd over - 5 runs, 5 hits, 0 errors, 1 left on base; Toronto 3 - Minnesota 6
TOP OF THE 3RD
Toronto Blue Jays batting - Pitching for Minnesota Twins : RHP Chad Foster
Batting: RHB Jeremy Baker 0-0: Fly out, F6 (Line Drive, 56, EV 95.0 MPH)
Batting: LHB Brad Hart 0-0: Foul Ball, location: 2F
0-1: Ball
1-1: Called Strike
1-2: SINGLE (Groundball, 4S, EV 75.6 MPH) (infield hit)
Batting: LHB Jerry Mantle 0-0: Called Strike
Brad Hart steals 2nd base
0-1: Ball
1-1: Called Strike
Brad Hart steals 3rd base
1-2: Ground out U3 (Groundball, 3L, EV 80.6 MPH)
Batting: RHB Rod Stephens 0-0: Ball
1-0: Ball
2-0: Called Strike
2-1: Called Strike
2-2: Strikes out swinging
Top of the 3rd over - 0 runs, 1 hit, 0 errors, 1 left on base; Toronto 3 - Minnesota 6
BOTTOM OF THE 3RD
Minnesota Twins batting - Pitching for Toronto Blue Jays : RHP Adrián Hernández
Batting: LHB Del England 0-0: DOUBLE (Groundball, 3L, EV 103.1 MPH)
Batting: RHB Leonardo Boccasino 0-0: Ball
1-0: Ground out 6-3 (Groundball, 6, EV 87.5 MPH)
Del England to third
Batting: LHB Kaspar Linge 0-0: Called Strike
0-1: Fly out, F9 (Flyball, 9D, EV 110.0 MPH)
Runner from 3rd tags up, SCORES, no throw by RF
Batting: RHB Chris Porter 0-0: Swinging Strike
0-1: Ball
1-1: Foul Ball, location: 5FF
1-2: Ball
2-2: Ground out 4-3 (Groundball, 4, EV 70.6 MPH)
Bottom of the 3rd over - 1 run, 1 hit, 0 errors, 0 left on base; Toronto 3 - Minnesota 7
TOP OF THE 4TH
Toronto Blue Jays batting - Pitching for Minnesota Twins : RHP Chad Foster
Batting: SHB Joe Hall 0-0: SINGLE (Flyball, 8LS, EV 99.4 MPH)
Batting: SHB Jeremiah Taylor 0-0: Fly out, F7 (Line Drive, 7, EV 106.3 MPH)
Batting: SHB José Mora 0-0: Grounds into double play, 4-6-3 (Groundball, 4, EV 87.5 MPH)
Top of the 4th over - 0 runs, 1 hit, 0 errors, 0 left on base; Toronto 3 - Minnesota 7
BOTTOM OF THE 4TH
Minnesota Twins batting - Pitching for Toronto Blue Jays : RHP Adrián Hernández
Pitching: RHP Ken Scott
Batting: RHB Ernesto Paganin 0-0: Called Strike
0-1: Ground out 4-3 (Groundball, 4, EV 83.1 MPH)
Batting: RHB Ken Quebell 0-0: Ball
1-0: Called Strike
1-1: Ball
2-1: SINGLE (Line Drive, 4MD, EV 94.4 MPH)
Batting: LHB Orlando Rodríguez 0-0: Ball
1-0: Ball
2-0: Called Strike
2-1: Swinging Strike
2-2: Ball
3-2: Base on Balls
Ken Quebell to second
Batting: SHB Steve Sanders 0-0: Called Strike
0-1: Foul Ball, location: 7LSF
0-2: Ball
1-2: Foul Ball, location: 9LDF
1-2: Ball
2-2: Fly out, F7 (Flyball, 7, EV 81.3 MPH)
Batting: LHB José Becerra 0-0: Swinging Strike
0-1: Called Strike
0-2: Strikes out swinging
Bottom of the 4th over - 0 runs, 1 hit, 0 errors, 2 left on base; Toronto 3 - Minnesota 7
TOP OF THE 5TH
Toronto Blue Jays batting - Pitching for Minnesota Twins : RHP Chad Foster
Batting: RHB José Valadez 0-0: Ball
1-0: Called Strike
1-1: Swinging Strike
1-2: Strikes out swinging
Batting: LHB Jeremy Young 0-0: Called Strike
0-1: Ball
1-1: Swinging Strike
1-2: Foul Ball, location: 5F
1-2: Ball
2-2: Ball
3-2: Base on Balls
Batting: RHB Jeremy Baker 0-0: Ball
1-0: Ball
2-0: Foul Ball, location: 3DF
2-1: Ball
3-1: Base on Balls
Jeremy Young to second
Batting: LHB Brad Hart 0-0: DOUBLE (Line Drive, 9LM, EV 101.9 MPH)
Jeremy Young scores
Jeremy Baker to third
Runner from 3rd tries for Home, SAFE, no throw by RF
Pinch Runner at 2nd Mariano Valdés:
Batting: LHB Jerry Mantle 0-0: Swinging Strike
0-1: Swinging Strike
0-2: Ball
1-2: Ball
2-2: Strikes out swinging
Batting: RHB Rod Stephens 0-0: Swinging Strike
0-1: Ground out U3 (Groundball, 34, EV 78.8 MPH)
Top of the 5th over - 2 runs, 1 hit, 0 errors, 1 left on base; Toronto 5 - Minnesota 7
BOTTOM OF THE 5TH
Minnesota Twins batting - Pitching for Toronto Blue Jays : RHP Ken Scott
Now in CF: Jeremy Young
Now in RF: Mariano Valdés
Batting: LHB Del England 0-0: Ball
1-0: Ball
2-0: Foul Ball, location: 2LF
2-1: Ball
3-1: Base on Balls
Batting: RHB Leonardo Boccasino 0-0: Swinging Strike
0-1: Ball
1-1: Ball
2-1: Bunted foul
2-2: Ball
3-2: Foul Ball, location: 2F
3-2: Fly out, F8 (Flyball, 8LM, EV 88.8 MPH)
Batting: LHB Kaspar Linge 0-0: Ball
1-0: Called Strike
1-1: Foul Ball, location: 7LMF
1-2: Foul Ball, location: 23F
1-2: Ball
2-2: Ball
3-2: Foul Ball, location: 3F
3-2: Base on Balls
Del England to second
Batting: RHB Chris Porter 0-0: Ball
1-0: Fly out, F9 (Flyball, 9, EV 85.0 MPH)
Batting: RHB Ernesto Paganin 0-0: Ball
1-0: Ball
2-0: Ball
3-0: Base on Balls
Del England to third
Kaspar Linge to second
Batting: RHB Ken Quebell 0-0: Called Strike
0-1: Ball
1-1: Foul Ball, location: 25FF
1-2: Foul Ball, location: 25F
1-2: Ball
2-2: Ball
3-2: Foul Ball, location: 7LMF
3-2: Foul Ball, location: 2F
3-2: Base on Balls
Del England scores
Kaspar Linge to third
Ernesto Paganin to second
Batting: LHB Orlando Rodríguez 0-0: Swinging Strike
0-1: Fielders Choice at 2nd, U6 (Groundball, 6M, EV 90.6 MPH)
Bottom of the 5th over - 1 run, 0 hits, 0 errors, 3 left on base; Toronto 5 - Minnesota 8
TOP OF THE 6TH
Toronto Blue Jays batting - Pitching for Minnesota Twins : RHP Chad Foster
Batting: SHB Joe Hall 0-0: Ball
1-0: SINGLE (Groundball, 34D, EV 109.4 MPH)
Batting: SHB Jeremiah Taylor 0-0: Called Strike
0-1: Ball
1-1: Swinging Strike
1-2: Grounds into double play, 6-4-3 (Groundball, 6, EV 82.5 MPH)
Batting: SHB José Mora 0-0: Ball
1-0: Called Strike
1-1: Ball
2-1: Fly out, F7 (Flyball, 78D, EV 91.9 MPH)
Top of the 6th over - 0 runs, 1 hit, 0 errors, 0 left on base; Toronto 5 - Minnesota 8
BOTTOM OF THE 6TH
Minnesota Twins batting - Pitching for Toronto Blue Jays : RHP Ken Scott
Batting: SHB Steve Sanders 0-0: Ball
1-0: Fly out, F5 (Popup, 5S, EV 68.1 MPH)
Batting: LHB José Becerra 0-0: Ball
1-0: SINGLE (Groundball, 4MD, EV 108.8 MPH)
Pitching: RHP Kurt Leslie
Batting: LHB Del England 0-0: Called Strike
0-1: Foul Ball, location: 2F
0-2: Grounds into double play, 6-4-3 (Groundball, 6, EV 81.9 MPH)
Bottom of the 6th over - 0 runs, 1 hit, 0 errors, 0 left on base; Toronto 5 - Minnesota 8
TOP OF THE 7TH
Toronto Blue Jays batting - Pitching for Minnesota Twins : RHP Chad Foster
Batting: RHB José Valadez 0-0: Ball
1-0: Ball
2-0: Fly out, F3 (Popup, 3S, EV 73.1 MPH)
Batting: LHB Jeremy Young 0-0: Called Strike
0-1: Ball
1-1: Called Strike
1-2: SINGLE (Groundball, 6S, EV 69.4 MPH) (infield hit)
Pitching: RHP Bud Miller
Pinch Runner at 1st Gherardo Cantavalle:
Batting: RHB Jeremy Baker 0-0: Ball
Gherardo Cantavalle is caught stealing 2nd base 2-4
1-0: Called Strike
1-1: Swinging Strike
1-2: Ball
2-2: Ground out 6-3 (Groundball, 56, EV 105.0 MPH)
Top of the 7th over - 0 runs, 1 hit, 0 errors, 0 left on base; Toronto 5 - Minnesota 8
BOTTOM OF THE 7TH
Minnesota Twins batting - Pitching for Toronto Blue Jays : RHP Kurt Leslie
Now in CF: Gherardo Cantavalle
Batting: RHB Leonardo Boccasino 0-0: Ball
1-0: Called Strike
1-1: Swinging Strike
1-2: Ball
2-2: Strikes out swinging
Batting: LHB Kaspar Linge 0-0: Ground out 6-3 (Groundball, 6, EV 105.0 MPH)
Batting: RHB Chris Porter 0-0: Ball
1-0: Ball
2-0: Ball
3-0: Called Strike
3-1: Foul Ball, location: 2F
3-2: Strikes out swinging
Bottom of the 7th over - 0 runs, 0 hits, 0 errors, 0 left on base; Toronto 5 - Minnesota 8
TOP OF THE 8TH
Toronto Blue Jays batting - Pitching for Minnesota Twins : RHP Bud Miller
Now in LF: Leonardo Boccasino
Now in CF: Rubén Rosete
Batting: SHB Mariano Valdés 0-0: Called Strike
0-1: Foul Ball, location: 3DF
0-2: Foul Ball, location: 3FF
0-2: Ball
1-2: Strikes out swinging
Batting: LHB Jerry Mantle 0-0: Called Strike
0-1: Foul Ball, location: 7LSF
0-2: Strikes out swinging
Batting: RHB Rod Stephens 0-0: Called Strike
0-1: Reached on error, E6 (Groundball, 6, EV 85.0 MPH)
Batting: SHB Joe Hall 0-0: Ball
1-0: Foul Ball, location: 3F
1-1: Ball
2-1: Called Strike
2-2: Ball
3-2: Fly out, F9 (Flyball, 9LS, EV 86.3 MPH)
Top of the 8th over - 0 runs, 0 hits, 1 error, 1 left on base; Toronto 5 - Minnesota 8
BOTTOM OF THE 8TH
Minnesota Twins batting - Pitching for Toronto Blue Jays : RHP Kurt Leslie
Batting: RHB Ernesto Paganin 0-0: Ball
1-0: Ball
2-0: Ball
3-0: Base on Balls
Batting: RHB Ken Quebell 0-0: Ball
1-0: Bunted foul
1-1: Ball
2-1: Sac Bunt to 2L - play at first, batter OUT! 2-4
Ernesto Paganin to second
Batting: LHB Orlando Rodríguez 0-0: Ground out 4-3 (Groundball, 34, EV 75.0 MPH)
Ernesto Paganin to third
Batting: SHB Steve Sanders 0-0: Called Strike
0-1: Ground out 4-3 (Groundball, 4, EV 85.6 MPH)
Bottom of the 8th over - 0 runs, 0 hits, 0 errors, 1 left on base; Toronto 5 - Minnesota 8
TOP OF THE 9TH
Toronto Blue Jays batting - Pitching for Minnesota Twins : RHP Bud Miller
Batting: SHB Jeremiah Taylor 0-0: Ball
1-0: Ball
2-0: Called Strike
2-1: Ground out 1-3 (Groundball, 13S, EV 72.5 MPH)
Batting: SHB José Mora 0-0: Ball
1-0: Swinging Strike
1-1: Foul Ball, location: 7LDF
1-2: Ball
2-2: Strikes out swinging
Batting: RHB José Valadez 0-0: Ball
1-0: SINGLE (Groundball, 6MD, EV 93.8 MPH)
Batting: RHB Gherardo Cantavalle 0-0: Fielders Choice at 2nd, 6-4 (Groundball, 6, EV 94.4 MPH)
Top of the 9th over - 0 runs, 1 hit, 0 errors, 1 left on base; Toronto 5 - Minnesota 8
Sunday, March 24th , 2024 - OOTP Baseball 24.10 Build 82